AoeStats
← Der Sprudel

Arabian Desert

508707700Analyzed
1v1 RM · 8d ago on Sep 23, 2026· 45m 43s· 2 players
Game mode
Random Map
Map size
Tiny (2 player)
Population
200
Speed
Normal
Resources
Standard
Victory
Conquest
Starting age
Dark Age
Ending age
Imperial Age
RankedLock teamsTeams togetherTeam positionsShared explorationLock speedFull tech treeHidden civsTurbo modeCheats
Victory
Defeat
🇩🇪 Varangians · Germany
1222
+16
🇹🇼 Dravidians · Taiwan
1222
-16
軒Syuan
9:24 Loom
12:00 Feudal Age
12:47 Double-Bit Axe
14:33 Fishing Lines
16:31 Town Watch
20:38 Castle Age
19:10 Gold Mining
19:28 Horse Collar
21:06 Fletching
26:37 Thumb Ring
27:39 Bodkin Arrow
28:20 Bow Saw
29:06 Padded Archer Armor
31:27 Leather Archer Armor
31:40 Ballistics
35:00 Wheelbarrow
41:38 Imperial Age
40:13 Stone Mining
43:46 Bracer
44:47 Chemistry
Der Sprudel
6:15 Loom
10:04 Feudal Age
12:01 Man-at-Arms
13:41 Horse Collar
20:13 Castle Age
18:15 Double-Bit Axe
19:26 Gold Mining
20:13 Scale Mail Armor
21:34 Bow Saw
25:37 Fletching
27:39 Heavy Plow
28:43 Wheelbarrow
28:42 Elite Skirmisher
29:38 Bodkin Arrow
32:03 Padded Archer Armor
32:54 Hand Cart
32:25 Town Watch
33:18 Leather Archer Armor
35:46 Gambesons
39:12 Stone Mining
44:41 Imperial Age
43:37 Squires
43:23 Arson
43:54 Chain Mail Armor
43:50 Forging
Connection lost

Rejoining the realm…

Still unreachable

The connection could not be restored.

Session expired

The server has moved on; the page needs a fresh start.